 Dungeon Crawl Stone Soup version 0.30-a0-1164-ge08a67761e (webtiles) character file.

Game seed: 913782655260263356

131 backslashecho the Shooter (level 5, -3/29 HPs)
             Began as a Kobold Hexslinger on Apr 29, 2023.
             Killed from afar by an orc wizard (9 damage)
             ... with a magic dart
             ... on level 3 of the Dungeon.
             The game lasted 00:06:50 (2577 turns).

backslashecho the Shooter (Kobold Hexslinger)       Turns: 2577, Time: 00:06:50

Health: -3/29      AC:  2    Str:  7    XL:     5   Next: 37%
Magic:  6/8        EV: 16    Int: 14    God:
Gold:   165        SH:  0    Dex: 18    Spells: 7/8 levels left

rFire   . . .        a - +1 sling
rCold   . . .        (no shield)
rNeg    . . .        c - +0 robe
rPois   .            (no helmet)
rElec   .            (no cloak)
rCorr   .            (no gloves)
SInv    .            (no boots)
Will    .....        (no amulet)
Stlth   +++          (no ring)
HPRegen 0.24/turn    (no ring)
MPRegen 0.11/turn

%: no passive effects
@: no status effects
A: small, no large weapons, nightstalker 3
a: no special abilities


You were on level 3 of the Dungeon.
You visited 1 branch of the dungeon, and saw 3 of its levels.

You collected 165 gold pieces.

Inventory:

Hand Weapons
 a - a +1 sling (weapon)
Armour
 c - a +0 robe (worn)
Scrolls
 b - a scroll of poison
 f - 3 scrolls of enchant weapon {unknown}
 i - 3 scrolls of identify {unknown}
 l - a scroll of teleportation {unknown}
 n - a scroll of blinking {unknown}
 o - a scroll of brand weapon {unknown}
Potions
 d - 2 potions of attraction {unknown}
 e - 2 potions of curing {unknown}
 g - a potion of heal wounds {unknown}
 h - 3 potions of degeneration {unknown}
 j - a potion of mutation {unknown}
 k - a potion of invisibility {unknown}
 m - 2 potions of cancellation {unknown}
 p - a potion of brilliance {unknown}


   Skills:
 - Level 1.1 Fighting
 * Level 4.9 Ranged Weapons
 + Level 3.5 Dodging
 - Level 2.0 Spellcasting
 + Level 3.7 Hexes


You had 7 spell levels left.
You knew the following spells:

 Your Spells              Type           Power      Damage    Failure   Level
a - Slow                  Hex            44%        N/A       5%          1

Your spell library contained the following spells:

 Spells                   Type           Power      Damage    Failure   Level
 Inner Flame              Hex/Fire       6%         N/A       32%         3
 Portal Projectile        Hex/Tloc       12%        N/A       32%         3
 Cause Fear               Hex            5%         N/A       45%         4


Dungeon Overview and Level Annotations

Branches:
Dungeon (3/15)

Altars:
Xom

Annotations:
D:2 Sigmund


Innate Abilities, Weirdness & Mutations

You are small and have problems with some larger weapons.
You are completely attuned to the shadows.


Message History

You now have 6/8 mp.
Casting: Slow (safe; 5% risk of failure)
Confirm with . or Enter, or press ? or * to list all spells.
Aiming: Slow (safe; 5% risk of failure)
Press: ? - help, Shift-Dir - straight line, f/p - orc wizard
Aim: an orc wizard, wielding a +1 dagger of flaming and wearing a +0 robe (moderately wounded, chance to affect: 45%)
The orc wizard seems to slow down.
The orc wizard misses you.
You now have 5/8 mp.
Your magical contamination has completely faded away.
Fire: a) +1 sling
Press: ? - help, Q - select action, (/) - cycle Shift-Dir - straight line, f/p - orc wizard
Aim: an orc wizard, wielding a +1 dagger of flaming and wearing a +0 robe (moderately wounded, slow, 55% to hit)
You shoot a sling bullet.
The sling bullet barely misses the orc wizard.
Fire: a) +1 sling
Press: ? - help, Q - select action, (/) - cycle Shift-Dir - straight line, f/p - orc wizard
Aim: an orc wizard, wielding a +1 dagger of flaming and wearing a +0 robe (moderately wounded, slow, 55% to hit)
You shoot a sling bullet.
The sling bullet barely misses the orc wizard.
Fire: a) +1 sling
Press: ? - help, Q - select action, (/) - cycle Shift-Dir - straight line, f/p - orc wizard
Aim: an orc wizard, wielding a +1 dagger of flaming and wearing a +0 robe (moderately wounded, slow, 55% to hit)
You shoot a sling bullet.
The sling bullet closely misses the orc wizard.
The orc wizard hits you but does no damage.
Fire: a) +1 sling
Press: ? - help, Q - select action, (/) - cycle Shift-Dir - straight line, f/p - orc wizard
Aim: an orc wizard, wielding a +1 dagger of flaming and wearing a +0 robe (moderately wounded, slow, 55% to hit)
You shoot a sling bullet. The sling bullet hits the orc wizard.
The orc wizard is heavily wounded.
The orc wizard barely misses you.
Fire: a) +1 sling
Press: ? - help, Q - select action, (/) - cycle Shift-Dir - straight line, f/p - orc wizard
Aim: an orc wizard, wielding a +1 dagger of flaming and wearing a +0 robe (heavily wounded, slow, 55% to hit)
You shoot a sling bullet.
The sling bullet closely misses the orc wizard.
The orc wizard is no longer moving slowly.
The orc wizard casts a spell at you. The magic dart hits you!
You die...

............
...........#.......
...................
...................
..........####.....#...
.##...........#...........
..................#...#...
....##......[....##...####
........o@.......#....#
.....#)...............
.....#..............
#..#.............#..
...####..........# . ..
#...).........#
#.............#
#)..#......>...#
.)...#.....##.###


You could see an orc wizard.

Vanquished Creatures
  A hound (D:2)
  Terence (D:2)
  2 adders (D:2)
  2 worms (D:2)
  A dart slug (D:1)
  3 orcs (D:3)
  5 ball pythons
  6 bats
  4 endoplasms
  3 goblins (D:1)
  A hobgoblin (D:2)
  4 jackals (D:1)
  5 kobolds (D:1)
  3 quokkas (D:1)
  2 frilled lizards
  4 rats
47 creatures vanquished.

Notes
Turn   | Place    | Note
-------+----------+-------------------------------------------
     0 | D:1      | backslashecho the Kobold Hexslinger began the quest for the
                  | Orb.
     0 | D:1      | Reached XP level 1. HP: 12/12 MP: 2/2
    58 | D:1      | Reached skill level 3 in Ranged Weapons
    58 | D:1      | Reached XP level 2. HP: 16/16 MP: 3/3
   474 | D:1      | Found a faded altar of an unknown god.
   659 | D:1      | Reached XP level 3. HP: 20/20 MP: 5/5
  1374 | D:2      | Reached skill level 4 in Ranged Weapons
  1374 | D:2      | Reached XP level 4. HP: 13/25 MP: 6/6
  1801 | D:2      | Found a shimmering altar of Xom.
  1828 | D:2      | Noticed Terence
  1894 | D:2      | Killed Terence
  1895 | D:2      | Reached XP level 5. HP: 17/29 MP: 4/8
  2173 | D:2      | Noticed Sigmund
  2577 | D:3      | Killed from afar by an orc wizard

Illustrated notes

Levels and vault maps discovered:
D:1:      lordsloth_arrival_two_stooges, layout_basic,
          hellmonk_ecumenical_altar_crossroads, minmay_misc_feat_x,
          chequers_arboretum
D:2:      layout_basic, basic_altar, uniq_sigmund, uniq_terence
D:3:      layout_rooms, lemuel_round_altar, yredelemnul_forgotten_temple_becter,
          kennysheep_jessica_study

Skill      XL: |  1  2  3  4 |
---------------+-------------+-----
Ranged Weapons | 3 4 |  4.9
Dodging        | 3 |  3.5
Spellcasting   | 2 |  2.0
Fighting       | |  1.1
Hexes          | |  3.7

Action                     |  1- 3 |  4- 6 || total
---------------------------+-------+-------++-------
   Fire: Sling             |    80 |    96 ||   176
   Cast: Slow              |     2 |    19 ||    21
 Armour: Robe              |     5 |     1 ||     6
  Dodge: Dodged            |    35 |    39 ||    74

Table legend: (Time is in decaauts)
 A = Elapsed time spent in this place.
 B = Non-inter-level travel time spent in this place.
 C = Inter-level travel time spent in this place.
 D = Time resting spent in this place.
 E = Time spent auto-exploring this place.
 F = Levels seen in this place.
 G = Mean time per level.
                   A        B        C        D        E       F      G
               +--------+--------+--------+--------+--------+-----+--------+
         Total |   2614 |   2557 |     57 |     69 |   1950 |   3 |  871.3 |
       Dungeon |   2614 |   2557 |     57 |     69 |   1950 |   3 |  871.3 |
               +--------+--------+--------+--------+--------+-----+--------+

Top non-repeatable levels by time:
     D:1: 1313 daAuts
     D:2: 1126 daAuts
     D:3: 174 daAuts
